 Dungeon Crawl Stone Soup version 0.30-a0-800-g7c544603b3 (webtiles) character file.

Game seed: 16417811791976652365

43 cforsyth the Ducker (level 3, 0/22 HPs)
             Began as a Kobold Gladiator on Feb 21, 2023.
             Slain by a goblin
             ... wielding a +0 club
             ... led by Robin
              (4 damage)
             ... on level 2 of the Dungeon.
             The game lasted 00:01:50 (1082 turns).

cforsyth the Ducker (Kobold Gladiator)              Turns: 1082, Time: 00:01:50

Health: 0/22       AC:  4    Str: 11    XL:     3   Next: 82%
Magic:  3/3        EV: 16    Int:  9    God:
Gold:   26         SH:  0    Dex: 18    Spells: 2/2 levels left

rFire   . . .      SeeInvis .    a - +0 long sword
rCold   . . .      Faith    .    (no shield)
rNeg    . . .      Spirit   .    b - +0 leather armour
rPois   .          Reflect  .    c - +0 helmet
rElec   .          Harm     .    (no cloak)
rCorr   .          Rampage  .    (no gloves)
Will    .....                    (no boots)
Stlth   +++                      (no amulet)
HPRegen 0.23/turn                (no ring)
MPRegen 0.08/turn                (no ring)

@: no status effects
A: small, no large weapons, nightstalker 3
a: no special abilities


You were on level 2 of the Dungeon.
You visited 1 branch of the dungeon, and saw 2 of its levels.

You collected 26 gold pieces.

Inventory:

Hand Weapons
 a - a +0 long sword (weapon)
Missiles
 d - 3 throwing nets (quivered)
 e - 2 boomerangs
Armour
 b - a +0 leather armour (worn)
 c - a +0 helmet (worn)
Scrolls
 g - a scroll of enchant weapon {unknown}
 i - a scroll of identify {unknown}
 j - a scroll of teleportation {unknown}
 k - 3 scrolls of amnesia {unknown}
Potions
 f - a potion of haste {unknown}
 h - a potion of curing {unknown}


   Skills:
 + Level 2.8 Fighting
 + Level 2.7 Long Blades
 - Level 2.1 Throwing
 + Level 4.1 Dodging
 + Level 2.1 Stealth


You had 2 spell levels left.
You didn't know any spells.
Your spell library was empty.

Dungeon Overview and Level Annotations

Branches:
Dungeon (2/15)

Altars:

Annotations:
D:2 Robin


Innate Abilities, Weirdness & Mutations

You are small and have problems with some larger weapons.
You are completely attuned to the shadows.


Message History

The goblin is moderately wounded.
The goblin hits you but does no damage.
You slash the goblin!
You kill the goblin!
You hit the goblin. Your punch misses the goblin.
The goblin is moderately wounded.
Robin roars a battlecry!
The goblins go into a battle-frenzy!
The goblin closely misses you.
A goblin comes into view. It is wielding a +0 club.
You hear a shout! x3
The goblin shouts! x2
You hit the goblin but do no damage.
The goblin is moderately wounded.
You hear a shout!
Robin throws the goblin at you! The goblin hits you but does no damage.
The goblin hits you with a dagger.
You barely miss the goblin.
The goblin is moderately wounded.
The goblin closely misses you.
A goblin comes into view. It is wielding a +0 club.
The goblin misses you. The goblin barely misses you.
The goblin hits you with a +0 dagger.
You hit the goblin.
You kill the goblin!
The goblin hits you with a +0 club. The goblin closely misses you.
A goblin comes into view. It is wielding a +0 dagger.
You barely miss the goblin.
Robin's horned helmet rattles.
Robin throws the goblin at you! The goblin hits you but does no damage.
A goblin comes into view. It is wielding a +0 club.
The goblin hits you with a +0 club. The goblin hits you with a +0 dagger.
* * * LOW HITPOINT WARNING * * *
You are too injured to fight recklessly!
You are too injured to fight recklessly!
You are too injured to fight recklessly!
Robin throws the goblin at you! The goblin barely misses you. x2
A goblin comes into view. It is wielding a +0 club.
The goblin attacks as you move away! The goblin hits you with a +0 club.
You die...

.##..#
#.#... #....
.....#####.#
#. #....
.#.........#
.....
.....#######
.. ...#.####
.# ........#
## #.#
##.#)##.#
#..#.#
#.#g##.#
#..#.#
#gg@..<.
......
#g#.###.
......
#g#g..
...#<#
#g#.### #.
#.# .gg.# #
#.# #.# #.#


You could see Robin and 5 goblins.

Vanquished Creatures
  An adder (D:2)
  A dart slug (D:1)
  2 endoplasms
  A giant cockroach (D:1)
  5 goblins
  6 hobgoblins
  2 jackals (D:1)
  2 quokkas (D:1)
  A bat (D:1)
  A frilled lizard (D:1)
  3 kobolds (D:1)
  4 rats
29 creatures vanquished.

Notes
Turn   | Place    | Note
-------+----------+-------------------------------------------
     0 | D:1      | cforsyth the Kobold Gladiator began the quest for the Orb.
     0 | D:1      | Reached XP level 1. HP: 12/12 MP: 1/1
   101 | D:1      | Reached skill level 1 in Stealth
   101 | D:1      | Reached XP level 2. HP: 14/18 MP: 2/2
   680 | D:1      | Reached skill level 4 in Dodging
   680 | D:1      | Reached XP level 3. HP: 16/22 MP: 3/3
  1073 | D:2      | Noticed Robin
  1082 | D:2      | Slain by a goblin

Illustrated notes

Levels and vault maps discovered:
D:1:      mainiacjoe_arrival_reflecting_pool, layout_loops_ring
D:2:      layout_basic, nicolae_shop_vocational, uniq_robin, uniq_natasha

Skill      XL: |  1  2  3 |
---------------+----------+-----
Stealth        | 1 2 |  2.1
Dodging        | 4 |  4.1
Fighting       | |  2.8
Long Blades    | |  2.7
Throwing       | |  2.1

Action                     || total
---------------------------++-------
  Melee: Long sword        ||    84
   Stab: Sleeping          ||     8
 Armour: Leather armour    ||    23
  Dodge: Dodged            ||    78

Table legend: (Time is in decaauts)
 A = Elapsed time spent in this place.
 B = Non-inter-level travel time spent in this place.
 C = Inter-level travel time spent in this place.
 D = Time resting spent in this place.
 E = Time spent auto-exploring this place.
 F = Levels seen in this place.
 G = Mean time per level.
                   A        B        C        D        E       F      G
               +--------+--------+--------+--------+--------+-----+--------+
         Total |   1104 |   1086 |     18 |      0 |    885 |   2 |  552.0 |
       Dungeon |   1104 |   1086 |     18 |      0 |    885 |   2 |  552.0 |
               +--------+--------+--------+--------+--------+-----+--------+

Top non-repeatable levels by time:
     D:1: 918 daAuts
     D:2: 186 daAuts
